 Dungeon Crawl Stone Soup version 0.30.1-3-gfc49f6343a (webtiles) character file.

Game seed: 13961283499155757243

81460 KyoPewz the Grappler (level 15, -4/156 HPs)
             Began as a Troll Fighter on July 29, 2023.
             Was a High Priest of Qazlal.
             Slain by a freezing wraith (6 damage)
             ... in an ice cave.
             The game lasted 01:22:16 (18313 turns).

KyoPewz the Grappler (Troll Fighter)               Turns: 18313, Time: 01:22:17

Health: -4/156     AC:  9    Str: 32    XL:     15   Next: 26%
Magic:  7/22       EV: 10    Int:  4    God:    Qazlal [*****.]
Gold:   1745       SH: 20    Dex:  8    Spells: 14/14 levels left

rFire   . .          .
                       - Unarmed
rCold   + + .        b - +0 kite shield
rNeg    . . .        P - +2 robe {Will+}
rPois   .            M - +2 hat
rElec   .            e - +0 cloak of Lifelessness {Regen+ rCorr Dex-3 SInv}
rCorr   +            (gloves unavailable)
SInv    +            (boots unavailable)
Will    +++..        E - amulet of reflection
Stlth   +            L - ring of willpower
HPRegen 2.06/turn    I - ring of protection from cold
MPRegen 0.18/turn

%: repel missiles, reflection
@: protected from cold
A: large, unfitting armour, claws 3, regeneration 1, shaggy fur 1, tough skin 1
a: Renounce Religion, Upheaval, Elemental Force, Disaster Area


You were in an ice cave.
You worshipped Qazlal.
Qazlal was extremely pleased with you.
You visited 4 branches of the dungeon, and saw 22 of its levels.
You also visited: Bailey and Ice Cave.

You collected 2135 gold pieces.
You spent 390 gold pieces at shops.

Inventory:

Missiles
 k - 57 poisoned darts
 x - 30 boomerangs
 y - 16 large rocks
 X - 19 atropa-tipped darts
Armour
 b - a +0 kite shield (worn)
 e - the +0 cloak of Lifelessness (worn) {Regen+ rCorr Dex-3 SInv}
   (You acquired it on level 2 of the Orcish Mines)

   Dex:       It affects your dexterity (-3).
   SInv:      It lets you see invisible.
   Regen:     It increases your rate of health regeneration.
   rCorr:     It protects you from acid and corrosion.
 M - a +2 hat (worn)
 P - a +2 robe of willpower (worn)
Jewellery
 E - an amulet of reflection (around neck)
 F - a ring of protection from fire
 I - a ring of protection from cold (right claw)
 L - a ring of willpower (left claw)
 N - a ring of positive energy
Wands
 c - a wand of charming (6)
 n - a wand of mindburst (5)
 D - a wand of digging (3)
 J - a wand of quicksilver (2)
 K - a wand of polymorph (13)
 T - a wand of iceblast (14)
 U - a wand of flame (18) (quivered)
Scrolls
 a - 2 scrolls of torment
 f - 2 scrolls of magic mapping
 g - 2 scrolls of fear
 j - 2 scrolls of fog
 m - 2 scrolls of immolation
 t - 12 scrolls of teleportation
 B - 4 scrolls of blinking
 G - 3 scrolls of poison
 H - a scroll of enchant armour
 O - a scroll of silence
 W - a scroll of summoning
Potions
 d - 3 potions of might
 h - 3 potions of haste
 i - 4 potions of cancellation
 o - 2 potions of lignification
 p - 3 potions of magic
 q - 10 potions of curing
 s - 4 potions of attraction
 u - 4 potions of flight
 A - 3 potions of berserk rage
 Y - 2 potions of ambrosia
Miscellaneous
 w - a phantom mirror
 C - a box of beasts (inert)
 R - a phial of floods


   Skills:
 - Level 11.7 Fighting
 - Level 12.0 Throwing
 - Level 6.7 Dodging
 - Level 6.7 Shields
 - Level 12.0 Unarmed Combat
 + Level 11.1 Invocations
 + Level 5.4 Evocations


You had 14 spell levels left.
You didn't know any spells.
Your spell library contained the following spells:

 Spells                   Type           Power      Damage    Failure   Level
 Foxfire                  Conj/Fire      0%         2x1d4     67%         1
 Freeze                   Ice            0%         1d3       67%         1
 Necrotise                Necr           0%         1d4       67%         1
 Shock                    Conj/Air       0%         1d3       67%         1
 Cigotuvi's Dreadful Rot  Necr/Pois/Air  0%         N/A       82%         2
 Lesser Beckoning         Tloc           0%         N/A       82%         2
 Frozen Ramparts          Ice            0%         1d1       96%         3
 Gell's Gravitas          Tloc           0%         N/A       96%         3
 Hailstorm                Conj/Ice       0%         3d3       96%         3
 Swiftness                Air            0%         N/A       96%         3
 Teleport Other           Tloc           0%         N/A       96%         3
 Tukima's Dance           Hex            0%         N/A       96%         3
 Vampiric Draining        Necr           0%         2d6       96%         3
 Airstrike                Air            0%         2d(0-16)  100%        4
 Animate Dead             Necr           0%         N/A       100%        4
 Passage of Golubria      Tloc           0%         N/A       100%        4
 Sticky Flame             Conj/Fire      0%         2d3       100%        4
 Agony                    Necr           0%         N/A       100%        5
 Alistair's Intoxication  Tmut/Pois      0%         N/A       100%        5
 Borgnjor's Vile Clutch   Necr/Erth      0%         N/A       100%        5
 Fireball                 Conj/Fire      0%         3d3       100%        5
 Yara's Violent Unravell  Hex/Tmut       0%         3d3       100%        5
 Death Channel            Necr           0%         N/A       100%        6
 Eringya's Noxious Bog    Tmut/Pois      0%         N/A       100%        6


Dungeon Overview and Level Annotations

Branches:
Dungeon (14/15)            Temple (1/1) D:5            Lair (5/5) D:9
  Swamp (0/4) Lair:2        Snake (0/4) Lair:3        Slime (0/5) Lair:4
    Orc (2/2) D:12            Elf (0/3) Orc:2        Bailey (visited)
  IceCv (1/1)
 Vaults: D:13-14

Altars:
Ashenzari
Cheibriados
Dithmenos
Elyvilon
Fedhas
Gozag
Hepliaklqana
Kikubaaqudgha
Makhleb
Nemelex Xobeh
Okawaru
Qazlal
Ru
Sif Muna
Trog
Uskayaw
Vehumet
Wu Jian
Xom
Yredelemnul
Zin
The Shining One

Shops:
D:5 (   Orc:1 :   Orc:2 *?:??

Portals:
Trove: D:11 (give 6 scrolls of fog)

Annotations:
IceCv 1 transporter, exclusion: orange crystal statue


Innate Abilities, Weirdness & Mutations

You are too large for most types of armour.
You have claws for hands.
Your natural rate of healing is unusually fast.
You are covered in fur. (AC +1)
You have tough skin. (AC +1)


Message History

The orange crystal statue is engulfed in blazing flames.
The orange crystal statue fixes its piercing gaze on you.
You feel your power leaking away. You block the freezing wraith's attack.
The freezing wraith barely misses you.
You take 41 damage, and have 56/156 hp.
MASSIVE DAMAGE!!
You now have 11/22 mp.
Unknown command.
Okay, then.
Unknown command.
Press: ? - help, v - describe, . - travel
Here: a white very ugly thing (lightly wounded)
The floor.
Activating: Elemental Force (0% risk of failure)
Press: ? - help, Dir - look around, f - activate Clouds arounds you coalesce and take form!
The white very ugly thing gores you!!
* * * LOW HITPOINT WARNING * * *
The white very ugly thing freezes you!! You resist.
You feel protected from cold.
* * * LOW HITPOINT WARNING * * *
The orange crystal statue fixes its piercing gaze on you.
Something tries to feed on your intellect!
The freezing wraith hits you!
* * * LOW HITPOINT WARNING * * *
The freezing wraith freezes you. You resist.
You feel more protected from cold.
* * * LOW HITPOINT WARNING * * *
The freezing wraith hits you but does no damage.
You take 55 damage, and have 1/156 hp.
MASSIVE DAMAGE!!
You now have 6/22 mp.
You feel much better.
You block the white very ugly thing's attack.
Your fire elemental hits the white very ugly thing.
Your fire elemental burns the white very ugly thing!
You block the freezing wraith's attack. The freezing wraith hits you!
* * * LOW HITPOINT WARNING * * *
The orange crystal statue is engulfed in freezing vapours.
The orange crystal statue glitters.
The freezing wraith hits you!
* * * LOW HITPOINT WARNING * * *
The freezing wraith freezes you. You resist.
You die...

#......[......#
##....[[(....##
#...).©.)...#
##...8©8...##
###########
##8..©..8##
##8.....°☼8##
#8....WuW..8##
#.....Z°@E§...#
#©...Z)8/Z°..∩#
###############


You could see a white very ugly thing (ally target), an orange crystal statue, 2
freezing wraiths, 2 anaconda simulacra, an ettin simulacrum (summoned) and a
friendly fire elemental (summoned).

Vanquished Creatures
  Gastronok (Lair:1)
  Frances (D:13)
  A very ugly thing (IceCv)
  7 vault guards
  An ice dragon (D:14)
  3 hydras
  A ghost crab (Lair:2)
  A caustic shrike simulacrum (IceCv)
  Erica (D:8)
  3 catoblepae (Lair:5)
  A death knight (D:12)
  3 two-headed ogres
  2 boulder beetles
  7 death yaks (Lair:5)
  Nergalle (D:12)
  2 skysharks
  2 skeletal warriors (D:13)
  3 orc knights
  A wizard (D:14)
  2 deep elf pyromancers
  5 cyclopes
  An orc sorcerer (D:13)
  12 ugly things
  5 manticores
  A black mamba (Lair:5)
  10 cane toads
  2 unseen horrors
  Psyche (D:10)
  3 rime drakes
  A tengu conjurer (D:14)
  8 komodo dragons
  A freezing wraith (D:13)
  A spectral skyshark (Lair:2)
  A golden dragon simulacrum (IceCv)
  4 trolls
  A tarantella (shapeshifter) (D:13)
  A queen bee (Lair:2)
  Prince Ribbit (D:6)
  A hornet (D:10)
  14 blink frogs
  2 spectral black mambas (Lair:2)
  9 slime creatures
  Sigmund (D:2)
  A shadow (D:11)
  A vampire (D:13)
  A dire elephant simulacrum (IceCv)
  6 basilisks
  A wyvern (Lair:5)
  87 yaks
  2 wraiths
  Eustachio (D:4)
  3 vampire mosquitoes (D:12)
  2 steam dragons
  3 wargs
  Edmund (D:6)
  2 nagas (Lair:3)
  19 water moccasins
  A harpy simulacrum (IceCv)
  A spectral cane toad (Lair:2)
  3 acid dragons
  A spectral torpor snail (Lair:2)
  A meliai simulacrum (D:14)
  38 orc warriors
  2 ice beasts (D:7)
  2 black bears
  An ettin simulacrum (IceCv)
  2 alligator simulacra (IceCv)
  16 wolves
  12 centaurs
  3 ogres
  15 bullfrogs
  7 kobold brigands
  A phantom (D:7)
  Blork the orc (D:5)
  A scorpion (D:5)
  9 wights
  A lindwurm simulacrum (IceCv)
  23 killer bees
  5 howler monkeys
  3 electric eels
  2 hounds (D:5)
  3 gnoll boudas
  11 orc priests
  A jelly (D:7)
  3 iguanas
  An iron imp (D:8)
  Natasha (thrice) (D:2)
  19 orc wizards
  11 gnolls
  5 adders
  2 shadow imps
  A white imp (D:6)
  2 ufetubi (D:4)
  2 worms
  A dart slug (D:1)
  68 orcs
  10 endoplasms
  3 giant cockroaches
  4 goblins
  A hobgoblin (D:2)
  25 kobolds
  5 quokkas
  5 ball pythons
  6 bats
  7 frilled lizards
  4 rats
614 creatures vanquished.

Vanquished Creatures (collateral kills)
  A hydra (Lair:3)
  A vault guard (D:14)
  A centaur warrior (D:14)
  2 ugly things (D:14)
  A water moccasin (Lair:3)
6 creatures vanquished.

Vanquished Creatures (others)
  A deep elf pyromancer (D:13)
  3 spriggans (D:14)
  An orc warrior (Orc:2)
  A kobold brigand (D:10)
  An orc wizard (Orc:2)
  A kobold (D:10)
8 creatures vanquished.

Grand Total: 628 creatures vanquished

Notes
Turn   | Place    | Note
-------+----------+-------------------------------------------
     0 | D:1      | KyoPewz the Troll Fighter began the quest for the Orb.
     0 | D:1      | Reached XP level 1. HP: 22/22 MP: 0/0
   151 | D:1      | Reached XP level 2. HP: 29/29 MP: 1/1
   888 | D:2      | Reached XP level 3. HP: 33/36 MP: 2/2
   985 | D:2      | Noticed Sigmund
   996 | D:2      | Killed Sigmund
   997 | D:2      | Reached skill level 5 in Unarmed Combat
   997 | D:2      | Reached XP level 4. HP: 37/44 MP: 3/3
   997 | D:2      | Reached XP level 5. HP: 43/50 MP: 4/4
  1286 | D:2      | Noticed Natasha
  1295 | D:2      | Killed Natasha
  1342 | D:2      | Identified the +0 ring mail "Xelyj" {Fly rC- Int+3 Slay+3}
  1382 | D:2      | Got Xyshrixi's Compilation of Turbulence and Causimancy
  1411 | D:2      | Noticed Natasha
  1414 | D:2      | Killed Natasha
  1415 | D:2      | Reached XP level 6. HP: 59/59 MP: 5/5
  1621 | D:2      | Noticed Natasha
  1626 | D:2      | Killed Natasha
  2606 | D:4      | Noticed Eustachio
  2648 | D:4      | Killed Eustachio
  2797 | D:4      | Reached XP level 7. HP: 59/66 MP: 6/6
  3218 | D:5      | Entered Level 5 of the Dungeon
  3218 | D:5      | Noticed Blork the orc
  3225 | D:5      | Killed Blork the orc
  3278 | D:5      | Found Puvvesti's Weapon Shoppe.
  3330 | D:5      | Found a staircase to the Ecumenical Temple.
  3476 | Temple   | Entered the Ecumenical Temple
  3659 | Temple   | Became a worshipper of Qazlal Stormbringer
  4539 | D:6      | Noticed Prince Ribbit
  4544 | D:6      | Reached XP level 8. HP: 63/74 MP: 7/7
  4599 | D:6      | Killed Prince Ribbit
  4600 | D:6      | Reached skill level 10 in Unarmed Combat
  4798 | D:6      | Noticed Edmund
  5015 | D:6      | Killed Edmund
  5263 | D:6      | Identified the +5 rapier of the Pit {speed, Int+3}
  5574 | D:7      | Reached XP level 9. HP: 71/80 MP: 8/8
  5599 | D:7      | Found a flagged portal.
  5629 | Bailey   | Entered a bailey
  5648 | Bailey   | Reached * piety under Qazlal
  5707 | Bailey   | Reached skill level 1 in Throwing
  5759 | Bailey   | Found an iron altar of Okawaru.
  6099 | D:7      | Reached ** piety under Qazlal
  6109 | D:7      | Reached skill level 5 in Shields
  6203 | D:7      | Found a glowing golden altar of the Shining One.
  6260 | D:7      | Found an opulent altar of Gozag.
  6265 | D:7      | Reached XP level 10. HP: 88/94 MP: 9/9
  6586 | D:8      | Noticed Erica
  6597 | D:8      | Killed Erica
  6598 | D:8      | Reached skill level 5 in Fighting
  6598 | D:8      | Reached skill level 5 in Throwing
  6851 | D:8      | Found a snail-covered altar of Cheibriados.
  7303 | D:9      | Found a staircase to the Lair.
  7716 | D:10     | Entered Level 10 of the Dungeon
  7811 | D:10     | Reached *** piety under Qazlal
  7812 | D:10     | Noticed Psyche
  7828 | D:10     | Killed Psyche
  8402 | D:10     | Identified the +0 robe "Fek Peo" {-Tele rCorr Dex+5}
  8431 | D:10     | Reached skill level 1 in Invocations
  8481 | D:10     | Noticed a two-headed ogre
  8557 | D:10     | Killed a two-headed ogre
  8558 | D:10     | Reached XP level 11. HP: 87/109 MP: 9/11
  8847 | D:11     | Noticed a two-headed ogre
  8862 | D:11     | Killed a two-headed ogre
  8890 | D:11     | Found a portal to a secret trove of treasure.
  9590 | D:12     | Noticed Nergalle
  9639 | D:11     | Reached **** piety under Qazlal
  9692 | Lair:1   | Entered Level 1 of the Lair of Beasts
  9810 | Lair:1   | Reached skill level 5 in Invocations
  9963 | Lair:1   | Reached XP level 12. HP: 43/122 MP: 13/15
 10258 | Lair:1   | Noticed Gastronok
 10284 | Lair:1   | Killed Gastronok
 10384 | Lair:1   | You fall into a shaft and drop 1 floor!
 11216 | Lair:2   | Found a hazy altar of Hepliaklqana.
 11516 | Lair:2   | Reached skill level 10 in Throwing
 11519 | Lair:2   | Reached ***** piety under Qazlal
 11548 | Lair:2   | Noticed a ghost crab
 11575 | Lair:2   | Killed a ghost crab
 11654 | Lair:2   | Found a staircase to the Swamp.
 11969 | Lair:3   | Noticed a seven-headed hydra
 11977 | Lair:3   | Killed a seven-headed hydra
 11978 | Lair:3   | Reached skill level 10 in Fighting
 12154 | Lair:3   | Found a staircase to the Snake Pit.
 12162 | Lair:3   | Reached XP level 13. HP: 133/133 MP: 17/17
 13080 | Lair:4   | Found a staircase to the Slime Pits.
 13469 | Lair:5   | Entered Level 5 of the Lair of Beasts
 13492 | Lair:5   | Reached ****** piety under Qazlal
 13707 | Lair:4   | Reached skill level 10 in Invocations
 13993 | Lair:5   | Reached skill level 1 in Evocations
 14463 | Lair:5   | Reached XP level 14. HP: 122/144 MP: 20/20
 14996 | D:12     | Killed Nergalle
 15131 | D:12     | Found a staircase to the Orcish Mines.
 15691 | Orc:1    | Entered Level 1 of the Orcish Mines
 15888 | Orc:2    | Entered Level 2 of the Orcish Mines
 15888 | Orc:2    | Found a staircase to the Elven Halls.
 16403 | Orc:2    | Found Jelesipo's Gadget Gallery.
 16452 | Orc:2    | Found Ruereting's Magic Scroll Shoppe.
 16452 | Orc:2    | Found Miaryng's Book Shop.
 16454 | Orc:2    | Found Yhogiut's Magic Scroll Boutique.
 16456 | Orc:2    | Found Liagesigg's Magic Scroll Emporium.
 16460 | Orc:2    | Bought a scroll of identify for 32 gold pieces
 16460 | Orc:2    | Bought a scroll of blinking for 120 gold pieces
 16460 | Orc:2    | Bought a scroll of identify for 32 gold pieces
 16460 | Orc:2    | Bought a scroll of identify for 32 gold pieces
 16460 | Orc:2    | Bought a scroll of identify for 32 gold pieces
 16461 | Orc:2    | Identified a scroll of acquirement
 16465 | Orc:2    | Acquired the +0 cloak of Lifelessness {Regen+ rCorr Dex-3
                  | SInv}
 16483 | Orc:2    | Bought a scroll of blinking for 112 gold pieces
 16483 | Orc:2    | Bought a scroll of identify for 30 gold pieces
 16656 | Orc:1    | Reached skill level 5 in Dodging
 16684 | Orc:1    | Found Nies's Book Shop.
 17239 | D:13     | Noticed Frances
 17255 | D:13     | Killed Frances
 17945 | D:14     | Reached skill level 5 in Evocations
 17945 | D:14     | Reached XP level 15. HP: 48/154 MP: 15/22
 18198 | D:14     | Found a frozen archway.
 18210 | IceCv    | Entered an ice cave
 18219 | IceCv    | Found a transporter.
 18227 | IceCv    | Identified the +1 chain mail of Pleasant Breezes {Rampage
                  | +Blink Int+4}
 18304 | IceCv    | Found a transporter.
 18312 | IceCv    | HP: 4/156 [freezing wraith (8)]
 18312 | IceCv    | HP: 1/156 [freezing wraith (3)]
 18313 | IceCv    | Slain by a freezing wraith

Illustrated notes

Levels and vault maps discovered:
D:1:      lemuel_arrival_muddy, layout_loops_corners, kennysheep_boxes
D:2:      layout_loops_ring, uniq_natasha, uniq_sigmund
D:3:      layout_loops_corners
D:4:      layout_basic, uniq_eustachio
D:5:      layout_cave_pools, temple_pool_b, serial_shops, nicolae_square_shop,
          hangedman_abyss_or_decor_lesser_grid, kennysheep_nondescript,
          uniq_blork_the_orc
D:6:      layout_basic, uniq_edmund, uniq_prince_ribbit1
D:7:      layout_gridville, enter_bailey_6, hangedman_decor_opposing,
          hangedman_feature_mirror
D:8:      layout_basic, slow_altar_2, uniq_erica
D:9:      layout_roguey, erik_lair_orcish_takeover
D:10:     layout_basic, hangedman_decor_push, uniq_psyche
D:11:     layout_rooms, nicolae_trove_entry_isolated
D:12:     layout_gridville, minmay_orc_entry_temple_small, uniq_nergalle
D:13:     layout_irregular_city, serial_column_ruins, column_ruins_hut,
          column_ruins_square_large, column_ruins_open_small,
          column_ruins_open_tiny, column_ruins_columns_straight,
          column_ruins_corridor_straight, column_ruins_grid_1, uniq_frances
D:14:     dreamdust_experimentation, layout_cave_pools, erik_vaults_2,
          portal_ice_cave_entry_dragon, okawaru_gym_becter
Temple:   mainiacjoe_temple_starburst
Lair:1:   layout_roguey, uniq_gastronok
Lair:2:   layout_loops_ring, nicolae_swamp_entry_spooky, basic_altar,
          special_room [special_room_bee]
Lair:3:   layout_big_grid, guppyfry_snake_entry_garden, serial_bayou_lagoon_a,
          grunt_megastairs_1
Lair:4:   layout_roguey, slime_entry_1, serial_bayou_lake_a, grunt_megastairs_5,
          lemuel_fruit_tree
Lair:5:   evilmike_catoblepas_cave, layout_cave_shapes, serial_bayou_shore_b,
          serial_bayou_shore_a
Orc:1:    layout_caves, serial_shops, shop
Orc:2:    st_orc_rangers, layout_caves, nicolae_shop_gadgets
IceCv:    ice_cave_statue_garden_transporter

Skill      XL: |  1  2  3  4  5  6  7  8  9 10 11 12 13 14 15 |
---------------+----------------------------------------------+-----
Unarmed Combat | 3 5 6 7 9 11 12 | 12.0
Shields        | 5 6 |  6.7
Throwing       | 4 7 9 10 12 | 12.0
Fighting       | 4 7 8 10 11 | 11.7
Invocations    | 1 5 7 10 11 | 11.1
Evocations     | 2 5 |  5.4
Dodging        | 3 6 |  6.7

Action                     |  1- 3 |  4- 6 |  7- 9 | 10-12 | 13-15 || total
---------------------------+-------+-------+-------+-------+-------++-------
  Melee: Unarmed           |    58 |   112 |   291 |   584 |   730 ||  1775
  Throw: Dart              |       |       |     7 |    31 |    50 ||    88
         Boomerang         |       |       |       |       |     1 ||     1
         Large rock        |       |       |       |       |     4 ||     4
         Javelin           |       |       |       |       |     1 ||     1
 Invoke: Upheaval          |       |       |       |       |    13 ||    13
         Disaster Area     |       |       |       |       |     3 ||     3
         Elemental Force   |       |       |       |       |     2 ||     2
  Evoke: Wand              |       |       |       |     2 |     4 ||     6
         Box of beasts     |       |       |       |     1 |     1 ||     2
    Use: Scroll            |       |       |     6 |     8 |    19 ||    33
         Potion            |       |       |     2 |       |     1 ||     3
   Stab: Sleeping          |       |     1 |       |       |       ||     1
         Distracted        |       |       |     1 |       |       ||     1
         Paralysed         |       |       |       |       |     2 ||     2
 Armour: Robe              |    11 |    36 |    55 |    85 |   151 ||   338
  Dodge: Dodged            |    18 |    46 |   108 |   131 |   203 ||   506
         Repelled          |       |       |       |       |     8 ||     8
  Block: Kite shield       |    20 |    47 |   154 |   473 |   805 ||  1499
         Reflection        |       |       |     8 |     9 |   107 ||   124
